 Dungeon Crawl Stone Soup version 0.31-a0-988-g08d55dae12 (webtiles) character file.

Game seed: 5500114522852087219

15354 Armakuni the Caregiver (level 12, -1/86 HPs)
             Began as a Human Artificer on Nov 4, 2023.
             Was a Believer of Elyvilon.
             Slain by an orange demon (6 damage)
             ... summoned by a kobold demonologist
             ... on level 12 of the Dungeon.
             The game lasted 00:36:47 (11067 turns).

Armakuni the Caregiver (Human Artificer)           Turns: 11067, Time: 00:36:48

Health: -1/86      AC:  7    Str: 24    XL:     12   Next: 56%
Magic:  22/22      EV: 11    Int: 12    God:    Elyvilon [**....]
Gold:   833        SH:  0    Dex: 13    Spells: 11/11 levels left

rFire   . . .        a - +1 morningstar (heavy)
rCold   . . .        z - orb {*Rage}
rNeg    + . .        c - +2 ring mail {rN+}
rPois   .            (helmet restricted)
rElec   .            (no cloak)
rCorr   .            (no gloves)
SInv    .            (no boots)
Will    .....        R - amulet of regeneration
Stlth   +            V - +6 ring of strength
HPRegen 1.14/turn    L - ring of flight
MPRegen 0.18/turn

%: random rage (20%)
@: lethally poisoned (-1 -> -5), spiked, on berserk cooldown, flying, slowed,
very slow
A: horns 1, MP-powered wands
a: Renounce Religion, Purification, Heal Other


You were on level 12 of the Dungeon.
You worshipped Elyvilon.
Elyvilon was pleased with you.
You visited 2 branches of the dungeon, and saw 13 of its levels.

You collected 1253 gold pieces.
You spent 420 gold pieces at shops.

Inventory:

Hand Weapons
 a - a +1 heavy morningstar (weapon)
 b - a +0 quarterstaff
 y - a +2 spear of venom
Armour
 c - a +2 ring mail of positive energy (worn)
 i - a +1 chain mail of fire resistance
 w - +0 acid dragon scales
 x - a +0 buckler
 z - an orb of wrath (worn)
Jewellery
 J - a ring of protection from cold
 L - a ring of flight (right hand)
 N - a ring of positive energy
 R - an amulet of regeneration (around neck)
 V - a +6 ring of strength (left hand)
Wands
 j - a wand of iceblast (6)
 k - a wand of digging (5)
 p - a wand of polymorph (9)
Scrolls
 g - 2 scrolls of noise
 q - a scroll of poison
 s - a scroll of fog
 u - 2 scrolls of enchant armour
Potions
 d - 2 potions of enlightenment
 e - 6 potions of curing
 f - 3 potions of haste
 h - 3 potions of attraction
 l - 3 potions of lignification
 m - 3 potions of brilliance


   Skills:
 - Level 5.0 Fighting
 + Level 7.6(8.3) Maces & Flails
 - Level 5.0(7.0) Staves
 - Level 2.0 Armour
 - Level 1.0 Dodging
 - Level 1.0 Stealth
 - Level 4.0 Shields
 + Level 14.1 Invocations
 - Level 10.0 Evocations


You had 11 spell levels left.
You didn't know any spells.
Your spell library contained the following spells:

 Spells                   Type           Power      Damage    Failure   Level
 Sandblast                Erth           0%         2d4       45%         1
 Passwall                 Tmut/Erth      0%         N/A       61%         2
 Sublimation of Blood     Necr           0%         N/A       61%         2
 Wereblood                Tmut           0%         N/A       61%         2
 Stone Arrow              Conj/Erth      0%         3d7       83%         3
 Volatile Blastmotes      Fire/Tloc      0%         2d10      83%         3
 Brom's Barrelling Bould  Conj/Erth      0%         2d3       99%         4
 Fulminant Prism          Conj/Hex       0%         3d5       99%         4
 Iskenderun's Mystic Bla  Conj/Tloc      0%         2d3       99%         4
 Summon Hydra             Summ           0%         N/A       100%        7


Dungeon Overview and Level Annotations

Branches:
Dungeon (12/15)            Temple (1/1) D:7            Lair (0/5) D:9
    Orc (0/2) D:10

Altars:
Ashenzari
Cheibriados
Dithmenos
Elyvilon
Fedhas
Gozag
Hepliaklqana
Kikubaaqudgha
Makhleb
Nemelex Xobeh
Qazlal
Ru
Sif Muna
Trog
Uskayaw
Vehumet
Wu Jian
Xom
Yredelemnul
Zin
The Shining One
Lugonu

Shops:
D:9 :   D:12 (

Annotations:
D:1 1 transporter


Innate Abilities, Weirdness & Mutations

You have a pair of small horns on your head.
You expend magic power (3 MP) to strengthen your wands.


Message History

The kobold demonologist hits you with a +0 dagger.
The orange demon stings you from afar.
You closely miss the kobold demonologist.
You headbutt the kobold demonologist.
The kobold demonologist is lightly wounded.
You feel very sick.
The kobold demonologist mumbles some strange words.
The orange demon stings you from afar!
You are more poisoned.
The orange demon poisons you!
You closely miss the kobold demonologist.
The kobold demonologist is lightly wounded.
You feel extremely sick. The kobold demonologist misses you.
The orange demon stings you but does no damage.
The red devil hits you but does no damage.
The kobold demonologist closely misses you.
You barely miss the kobold demonologist.
The kobold demonologist is lightly wounded.
You are no longer berserk.
You are exhausted.
You feel yourself slow down.
You feel extremely sick. The orange demon stings you from afar!
The red devil hits you with a +0 trident!
Barbed spikes become lodged in your body.
The kobold demonologist completely misses you.
You closely miss the kobold demonologist.
Your headbutt misses the kobold demonologist.
The kobold demonologist is lightly wounded.
You feel extremely sick. The orange demon stings you from afar!
* * * LOW HITPOINT WARNING * * *
The red devil hits you with a +0 trident!
* * * LOW HITPOINT WARNING * * *
Barbed spikes become lodged in your body.
The kobold demonologist hits you with a +0 dagger.
* * * LOW HITPOINT WARNING * * *
The orange demon stings you from afar.
You die...

~~...#####...................##
~~...............[..........##
~~........................)###
...........~~~.............(.#
...........~~~[..........###.#
...........~~~..........## #)#
.............###############)#
.............#4≈≈≈(#≈≈≈#≈≈≈#)#
.............#>)@≈≈≈≈≈≈§§#.#.#
.....###.....#_K≈4≈.^≈≈≈≈.#..#
.....# #.....#..≈≈≈.##≈≈≈≈≈###
#....###.....#?§≈§#.<##≈≈§##
##...........##############
##............. ##...........#
##.....>...## ###########


You could see an orange demon (summoned), a kobold demonologist and a red devil
(summoned).

Vanquished Creatures
  3 two-headed ogres
  Nergalle (D:10)
  Lodul (D:12)
  A manticore (D:12)
  A cyclops (D:12)
  3 gargoyles
  An unseen horror (D:11)
  Maggie (D:6)
  A kobold demonologist (D:12)
  A troll (D:9)
  A hornet (D:7)
  2 wraiths
  A shadow (D:11)
  2 vampires (D:9)
  A basilisk (D:9)
  3 wyverns
  A steam dragon (D:7)
  2 vampire mosquitoes (D:11)
  2 water moccasins
  5 orc warriors
  5 black bears
  An ice beast (D:6)
  A sky beast (D:12)
  10 ogres
  5 centaurs
  A phantom (D:6)
  6 kobold brigands
  2 bullfrogs (D:8)
  2 scorpions
  11 killer bees
  A troll zombie (D:10)
  A jelly (D:6)
  4 electric eels
  3 howler monkeys (D:8)
  2 hounds
  7 orc priests
  3 gnoll boudas
  A sleepcap (D:5)
  Terence (D:2)
  3 iguanas
  8 orc wizards
  7 ogre zombies (D:10)
  10 gnolls
  10 adders
  A worm (D:4)
  2 dart slugs
  25 orcs
  10 endoplasms
  8 giant cockroaches
  2 gnoll zombies (D:10)
  5 goblins
  8 hobgoblins
  4 jackals
  6 quokkas
  6 ball pythons
  4 bats
  3 frilled lizards
  2 gnoll skeletons (D:10)
  20 kobolds
  4 orc skeletons (D:10)
  17 orc zombies (D:10)
  8 rats
274 creatures vanquished.

Vanquished Creatures (collateral kills)
  A howler monkey (D:6)
  2 gnolls
  An adder (D:5)
  A hobgoblin (D:4)
5 creatures vanquished.

Vanquished Creatures (others)
  A two-headed ogre (D:11)
  A basilisk (D:9)
  A vampire mosquito (D:11)
  A human (D:8)
  A black bear (D:5)
  An ogre (D:12)
  A wolf (D:9)
  A centaur (D:5)
  A phantom (D:10)
  A scorpion (D:5)
  4 killer bees
  An iguana (D:5)
  2 gnolls (D:6)
17 creatures vanquished.

Grand Total: 296 creatures vanquished

Notes
Turn   | Place    | Note
-------+----------+-------------------------------------------
     0 | D:1      | Armakuni the Human Artificer began the quest for the Orb.
     0 | D:1      | Reached XP level 1. HP: 15/15 MP: 1/1
   150 | D:1      | Reached XP level 2. HP: 12/21 MP: 2/2
   675 | D:1      | Reached XP level 3. HP: 13/26 MP: 3/3
   917 | D:1      | Found a faded altar of an unknown god.
  1206 | D:2      | Noticed Terence
  1215 | D:1      | Reached XP level 4. HP: 19/32 MP: 4/4
  1361 | D:4      | Identified the "Wiucuyl"
  1361 | D:4      | Identified the "Kyfur"
  1361 | D:4      | Identified the of Seipys
  1469 | D:4      | Found a shadowy altar of Dithmenos.
  1473 | D:4      | Reached skill level 5 in Evocations
  1537 | D:4      | Found a shimmering blue altar of Sif Muna.
  1602 | D:4      | Found a transporter.
  1610 | D:4      | Found a transporter.
  1732 | D:4      | Reached XP level 5. HP: 21/37 MP: 5/5
  1887 | D:4      | Reached XP level 6. HP: 13/43 MP: 6/6
  2184 | D:4      | Found a white marble altar of Elyvilon.
  2240 | D:4      | Became a worshipper of Elyvilon the Healer
  2627 | D:2      | Killed Terence
  2822 | D:2      | Reached * piety under Elyvilon
  3463 | D:3      | Noticed an ogre
  3468 | D:3      | Killed an ogre
  3469 | D:3      | Reached XP level 7. HP: 48/48 MP: 7/7
  3527 | D:5      | Identified the "Oron"
  3527 | D:5      | Entered Level 5 of the Dungeon
  3540 | D:5      | Reached skill level 1 in Invocations
  3612 | D:5      | Reached skill level 2 in Invocations
  3757 | D:5      | Reached XP level 8. HP: 30/54 MP: 9/9
  4134 | D:5      | Found a bloodstained altar of Trog.
  4298 | D:5      | Found a broken altar of Ashenzari.
  4397 | D:5      | Reached skill level 10 in Evocations
  4791 | D:6      | Noticed Maggie
  4809 | D:6      | Found a radiant altar of Vehumet.
  4813 | D:6      | Killed Maggie
  4814 | D:6      | Reached XP level 9. HP: 49/67 MP: 10/10
  4885 | D:6      | Reached skill level 5 in Fighting
  4885 | D:6      | Reached skill level 1 in Staves
  4899 | D:6      | Reached ** piety under Elyvilon
  5333 | D:6      | Found a hazy altar of Hepliaklqana.
  5334 | D:6      | Found a shimmering altar of Xom.
  5334 | D:6      | Noticed a Killer Klown
  5335 | D:6      | Noticed a spectral ugly thing
  5335 | D:6      | Noticed a Killer Klown
  5335 | D:6      | Noticed a Killer Klown
  5347 | D:6      | Found a stormy altar of Qazlal.
  5358 | D:6      | Found a blossoming altar of Fedhas.
  5849 | D:7      | Noticed a hornet
  5856 | D:7      | Killed a hornet
  5889 | D:7      | Reached skill level 5 in Staves
  5889 | D:7      | Reached skill level 3 in Invocations
  6012 | D:7      | Reached *** piety under Elyvilon
  6059 | D:7      | Found a staircase to the Ecumenical Temple.
  6068 | Temple   | Entered the Ecumenical Temple
  6103 | D:7      | Reached skill level 4 in Invocations
  6468 | D:8      | Reached skill level 5 in Invocations
  6522 | D:8      | Reached XP level 10. HP: 31/74 MP: 8/14
  6548 | D:8      | Reached skill level 6 in Invocations
  7002 | D:8      | Reached skill level 7 in Invocations
  7148 | D:8      | Found a glowing golden altar of the Shining One.
  7267 | D:8      | Noticed a two-headed ogre
  7276 | D:8      | Killed a two-headed ogre
  7277 | D:8      | Reached skill level 9 in Invocations
  7398 | D:8      | Found an ancient bone altar of Kikubaaqudgha.
  7414 | D:8      | Found a snail-covered altar of Cheibriados.
  7668 | D:8      | Reached skill level 1 in Shields
  7814 | D:9      | Found a staircase to the Lair.
  7822 | D:9      | Reached skill level 10 in Invocations
  7892 | D:9      | Reached XP level 11. HP: 60/79 MP: 18/18
  8023 | D:9      | Found Biobinic's Book Shop.
  8029 | D:9      | Bought a book of Blasting for 420 gold pieces
  8217 | D:9      | Noticed a two-headed ogre
  8224 | D:9      | Killed a two-headed ogre
  8225 | D:9      | Reached skill level 11 in Invocations
  8461 | D:10     | Entered Level 10 of the Dungeon
  8461 | D:10     | Noticed a two-headed ogre
  8473 | D:9      | Killed a two-headed ogre
  8511 | D:10     | Noticed Erolcha
  8515 | D:10     | Noticed Erolcha
  8517 | D:10     | Found a hide-covered altar of Uskayaw.
  8520 | D:10     | Killed Erolcha the black bear
  8531 | D:10     | Reached skill level 12 in Invocations
  8760 | D:10     | Found a staircase to the Orcish Mines.
  9120 | D:10     | Noticed Nergalle
  9125 | D:10     | Killed Nergalle
  9316 | D:11     | Reached **** piety under Elyvilon
  9365 | D:11     | Noticed a two-headed ogre
  9381 | D:11     | Killed a two-headed ogre
  9490 | D:11     | Reached skill level 5 in Maces & Flails
  9702 | D:11     | Found a shadowy altar of Dithmenos.
 10172 | D:11     | Reached skill level 13 in Invocations
 10172 | D:11     | Reached XP level 12. HP: 53/86 MP: 18/21
 10486 | D:12     | Noticed Lodul
 10499 | D:12     | Killed Lodul
 10515 | D:12     | Gained mutation: You have a pair of small horns on your
                  | head. [potion of mutation]
 10515 | D:12     | Gained mutation: You expend magic power (3 MP) to
                  | strengthen your wands. [potion of mutation]
 10531 | D:12     | Elyvilon protects you from harm!
 10682 | D:12     | Noticed a boulder beetle
 10684 | D:12     | Pacified a boulder beetle
 10793 | D:12     | Found Qucuysirph's Antique Weapon Emporium.
 10907 | D:12     | Noticed a two-headed ogre
 10909 | D:12     | Pacified a two-headed ogre
 10910 | D:12     | Reached skill level 14 in Invocations
 11051 | D:12     | Found a corrupted altar of Lugonu.
 11067 | D:12     | Slain by an orange demon

Illustrated notes

Levels and vault maps discovered:
D:1:      spicycebolla_arrival_transporter_tutorial, layout_loops_corners,
          shapermc_ecumenical_altar_hornbeckon, nicolae_twisty_statue_hallways
D:2:      layout_basic, uniq_terence
D:3:      layout_loops_cross
D:4:      gammafunk_steamed_eel, layout_rooms, mainiacjoe_overflow_catwalk,
          nicolae_sif_muna_little_library, mainiacjoe_overflow_brackets,
          minmay_misc_feat_encased, hangedman_decor_opposing
D:5:      minmay_polygon_palace, layout_rooms, mainiacjoe_overflow_tiny_flanked,
          nicolae_ashenzari_panopticon, trog_book
D:6:      layout_rooms, grunt_temple_overflow_forces_of_nature,
          regret_index_temple_of_mockery, vehumet_crystals, minmay_liquid_box,
          minmay_strange_pillars, hangedman_decor_clover_reticule, uniq_maggie
D:7:      layout_basic, minmay_temple_entry_grid, dk_noncrumbling_3
D:8:      layout_loops_ring, tgw_kikubaaqudgha, mainiacjoe_overflow_big_doors
D:9:      layout_cave_pools, minmay_lair_entry_grove, serial_shops, shop,
          minmay_puff
D:10:     layout_roguey, eat_drink_and_be_merry_uskayaw, zombieorc2_lemuel,
          uniq_erolcha, uniq_nergalle
D:11:     layout_basic, nicolae_dithmenos_through_a_glass_darkly
D:12:     layout_big_octagon, serial_shops, shop_statue, marbit_kobold_abyssish,
          uniq_lodul
Temple:   hellmonk_temple_beads

Skill      XL: |  1  2  3  4  5  6  7  8  9 10 11 12 |
---------------+-------------------------------------+-----
Evocations     | 4 5 6 7 8 10 | 10.0
Invocations    | 2 5 10 13 14 | 14.1
Fighting       | 4 5 |  5.0
Staves         | 5 |  5.0
Shields        | 3 4 |  4.0
Maces & Flails | 5 7 |  7.6
Armour         | |  2.0
Dodging        | |  1.0
Stealth        | |  1.0

Action                     |  1- 3 |  4- 6 |  7- 9 | 10-12 || total
---------------------------+-------+-------+-------+-------++-------
  Melee: Club              |   126 |    27 |       |       ||   153
         Spear             |       |   117 |   201 |   107 ||   425
         Punch             |       |       |     2 |     1 ||     3
         Morningstar       |       |       |       |   293 ||   293
         Headbutt          |       |       |       |     8 ||     8
 Invoke: Purification      |       |       |     2 |    11 ||    13
         Heal Other        |       |       |     2 |    17 ||    19
         Heal Self         |       |       |       |    10 ||    10
  Evoke: Wand              |     7 |    14 |    40 |    49 ||   110
    Use: Scroll            |     1 |    11 |     4 |     6 ||    22
         Potion            |       |       |     2 |     6 ||     8
   Stab: Sleeping          |     2 |     3 |       |       ||     5
         Distracted        |       |       |     1 |       ||     1
         Paralysed         |       |       |    22 |     6 ||    28
 Armour: Leather armour    |    95 |    84 |       |       ||   179
         Ring mail         |       |       |    86 |   462 ||   548
         Acid dragon scale |       |       |    55 |   100 ||   155
  Dodge: Dodged            |    92 |    57 |   119 |   295 ||   563
  Block: Buckler           |       |       |       |    20 ||    20

Table legend: (Time is in decaauts)
 A = Elapsed time spent in this place.
 B = Non-inter-level travel time spent in this place.
 C = Inter-level travel time spent in this place.
 D = Time resting spent in this place.
 E = Time spent auto-exploring this place.
 F = Levels seen in this place.
 G = Mean time per level.
                   A        B        C        D        E       F      G
               +--------+--------+--------+--------+--------+-----+--------+
         Total |  11485 |  11130 |    355 |   1922 |   5874 |  13 |  883.5 |
       Dungeon |  11483 |  11128 |    355 |   1922 |   5874 |  12 |  956.9 |
        Temple |      1 |      1 |      0 |      0 |      0 |   1 |    1.0 |
               +--------+--------+--------+--------+--------+-----+--------+

Top non-repeatable levels by time:
     D:1: 1306 daAuts
    D:11: 1211 daAuts
     D:5: 1206 daAuts
     D:7: 1088 daAuts
     D:4: 1082 daAuts
     D:8: 1049 daAuts
     D:9: 955 daAuts
    D:10: 903 daAuts
     D:6: 705 daAuts
     D:2: 672 daAuts
     D:3: 652 daAuts
    D:12: 650 daAuts
  Temple: 1 daAuts
